 Dungeon Crawl Stone Soup version 0.32-a0-898-g7811c86cf0 (webtiles) character file.

Game seed: 14331517849706532152

6385 basamash the Cleaver (level 10, -2/88 HPs)
             Began as a Mountain Dwarf Fighter on Apr 4, 2024.
             Slain by an orange demon (4 damage)
             ... led by Amaemon
             ... on level 8 of the Dungeon.
             The game lasted 01:03:08 (10022 turns).

basamash the Cleaver (Mountain Dwarf Fighter)      Turns: 10022, Time: 01:03:09

Health: -2/88      AC: 22    Str: 29    XL:     10   Next: 66%
Magic:  10/10      EV:  9    Int:  7    God:
Gold:   481        SH:  5    Dex: 13    Spells: 6/9 levels left

rFire   . . .        y - +4 hand axe
rCold   + . .        c - +0 buckler
rNeg    . . .        p - +2 chain mail {rPois}
rPois   +            (no helmet)
rElec   +            (no cloak)
rCorr   .            m - +0 pair of gloves
SInv    .            w - +2 pair of boots
Will    +....        h - amulet of Tefev {rElec rPois Regen+ Slay+2} Stlth
                     e - +4 ring of protection
HPRegen 1.14/turn    B - +6 ring of strength
MPRegen 0.12/turn

%: no passive effects
@: lethally poisoned (-2 -> -2), about to teleport, weakened, slowed, very slow
A: runic magic, artefact enchanting, agile 1, cold resistance 1
a: no special abilities


You were on level 8 of the Dungeon.
You visited 1 branch of the dungeon, and saw 8 of its levels.

You collected 481 gold pieces.

Inventory:

Hand Weapons
 a - a +0 war axe
 g - a +1 vampiric short sword
 o - a +2 dagger of venom
 t - the +4 short sword "Pitaychile" {freeze, Will++ Str-3 Dex+5}
   (You took it off a gnoll bouda on level 6 of the Dungeon)

   Str-3:     It affects your strength (-3).
   Dex+5:     It affects your dexterity (+5).
   Will++:    It greatly increases your willpower.
 v - a +2 dagger of speed
 y - a +4 hand axe (weapon)
 E - a +2 whip of electrocution
Missiles
 q - 2 silver javelins
 s - 3 poisoned darts (quivered)
 D - a throwing net
Armour
 b - a +0 scale mail
 c - a +0 buckler (worn)
 m - a +0 pair of gloves (worn)
 p - a +2 chain mail of poison resistance (worn)
 w - a +2 pair of boots (worn)
Jewellery
 e - a +4 ring of protection (left hand)
 h - the amulet of Tefev (around neck) {rElec rPois Regen+ Slay+2}
   (You acquired it on level 3 of the Dungeon)

   [amulet of regeneration]

   Slay+2:    It affects your accuracy & damage with ranged weapons and melee
   (+2).
   rElec:     It insulates you from electricity.
   rPois:     It protects you from poison.
   Regen+:    It increases your rate of health regeneration.
 k - a ring of poison resistance
 n - a ring of willpower
 z - a ring of flight
 B - a +6 ring of strength (right hand)
Talismans
 i - a flux talisman
 C - a maw talisman
Wands
 f - a wand of polymorph (7)
 F - a wand of light (8)
Scrolls
 r - 3 scrolls of teleportation
 u - a scroll of butterflies
 G - a scroll of identify
Potions
 d - 3 potions of might
 j - 4 potions of brilliance
 x - a potion of haste
 A - 2 potions of enlightenment


   Skills:
 + Level 7.6 Fighting
 + Level 12.1 Axes
 + Level 2.2 Throwing
 + Level 9.7 Armour
 + Level 2.1 Dodging
 + Level 1.5 Stealth
 + Level 6.9 Shields
 + Level 0.4 Spellcasting


You had 6 spell levels left.
You knew the following spells:

 Your Spells              Type           Power      Damage    Failure   Level
a - Blink                 Tloc           0%         N/A       71%         2
b - Summon Small Mammal   Summ           0%         N/A       56%         1

Your spell library contained the following spells:

 Spells                   Type           Power      Damage    Failure   Level
 Cigotuvi's Dreadful Rot  Necr/Alch/Air  0%         N/A       71%         2
 Lesser Beckoning         Tloc           0%         N/A       71%         2
 Momentum Strike          Conj/Tloc      0%         3d8       71%         2
 Call Canine Familiar     Summ           0%         N/A       90%         3
 Maxwell's Portable Pile  Tloc           0%         2d(5-13)  91%         3
 Teleport Other           Tloc           0%         N/A       91%         3
 Animate Dead             Necr           0%         N/A       100%        4
 Ignite Poison            Fire/Alch      0%         N/A       100%        4
 Leda's Liquefaction      Alch/Erth      0%         N/A       100%        4
 Passage of Golubria      Tloc           0%         N/A       100%        4
 Summon Blazeheart Golem  Fire/Summ      0%         N/A       100%        4
 Borgnjor's Vile Clutch   Necr/Erth      0%         N/A       100%        5
 Freezing Cloud           Conj/Ice/Air   0%         6-21      100%        5
 Lee's Rapid Deconstruct  Erth           0%         3d4*      100%        5
 Silence                  Hex/Air        0%         N/A       100%        5
 Death Channel            Necr           0%         N/A       100%        6
 Permafrost Eruption      Ice/Erth       0%         2x4d1     100%        6
 Lehudib's Crystal Spear  Conj/Erth      0%         10d2      100%        8


Dungeon Overview and Level Annotations

Branches:
Dungeon (8/15)             Temple (0/1) D:5
   Lair: D:8-11

Altars:
Gozag
Nemelex Xobeh
Ru
Sif Muna
Trog
Uskayaw
Vehumet
Xom
The Shining One

Shops:
D:4 =   D:7 (   D:8 [


Innate Abilities, Weirdness & Mutations

Your spellcasting is much less encumbered by armour.
You can use scrolls of enchantment on lesser artefacts.
You are agile. (Dex +4, Str/Int -1)
Your flesh is cold resistant. (rC+)


Message History

You have difficulty breathing.
You feel yourself slow down. The orange demon barely misses you.
You slice the orange demon!!
The orange demon is almost dead.
You feel extremely sick.
The orange demon stings you but does no damage.
The orange demon barely misses you.
You barely miss the orange demon.
The orange demon is severely wounded.
You feel extremely sick.
The orange demon stings you but does no damage.
The orange demon closely misses you.
You hit the orange demon but do no damage.
The orange demon is severely wounded.
You feel very sick. The orange demon stings you.
* * * LOW HITPOINT WARNING * * *
The orange demon hits you but does no damage.
You closely miss the orange demon.
The orange demon is severely wounded.
You feel very sick. The orange demon barely misses you.
The orange demon hits you.
* * * LOW HITPOINT WARNING * * *
You feel your attacks grow feeble.
As you read the scroll of teleportation, it crumbles to dust.
You feel strangely unstable.
* * * LOW HITPOINT WARNING * * *
You feel very sick. You block the orange demon's attack.
The orange demon hits you but does no damage.
The orange demon stings you but does no damage.
The orange demon hits you but does no damage.
You feel very sick.
The orange demon stings you but does no damage.
Things that are here:
a +0 dagger; a +0 robe; an orc corpse You feel sick.
The orange demon attacks as it pursues you!
The orange demon stings you from afar.
You die...

.#..>.≈.....# #..........#
.##........## #..........#
.##.......## ###...##########
.#...._.#.# ##...#..........#
).......#.### #..###..........#
)...#.......####....#..........#
...##.≈........................#
....#.≈.....###.....#..........#
.#....≈.##....4)@...#..........#
.#.#..≈.##...###....######†#####
...#.......#........###..†.#
.#.........>............####
......≈.....##.#....#####
......≈........#....#
...##.≈...........###
...##.≈.........#########
..............#.........#


You could see an orange demon (curare).

Vanquished Creatures
  Amaemon (D:8)
  Pikel (D:4)
  Joseph (D:8)
  Grinder (D:4)
  Sigmund (D:4)
  2 wraiths (D:6)
  4 vampire mosquitoes (D:7)
  A steam dragon (D:6)
  4 water moccasins
  Duvessa (D:6)
  An ice beast (D:5)
  4 orc warriors
  3 sky beasts
  2 centaurs
  A lemure (D:4)
  4 phantoms
  2 scorpions
  7 wights
  Dowan (D:6)
  12 killer bees (D:8)
  4 howler monkeys
  2 bombardier beetles
  2 lava snakes (D:7)
  A jelly (D:5)
  4 hounds
  2 gnoll boudas
  2 orc priests
  2 iguanas
  Terence (D:2)
  3 orc wizards
  6 adders
  14 gnolls
  2 shadow imps
  3 white imps
  3 dart slugs
  2 ribbon worms (D:3)
  19 orcs
  4 ball pythons
  4 bats
  9 endoplasms
  2 giant cockroaches (D:2)
  16 goblins
  6 hobgoblins
  8 jackals
  5 quokkas
  3 frilled lizards
  6 kobolds
  8 rats
197 creatures vanquished.

Notes
Turn   | Place    | Note
-------+----------+-------------------------------------------
     0 | D:1      | basamash the Mountain Dwarf Fighter began the quest for the
                  | Orb.
     0 | D:1      | Reached XP level 1. HP: 19/19 MP: 1/1
   243 | D:1      | Reached XP level 2. HP: 24/26 MP: 2/2
   391 | D:1      | Found a faded altar of an unknown god.
   391 | D:1      | Noticed a Brimstone Fiend
   938 | D:1      | Reached skill level 3 in Axes
   993 | D:1      | Reached XP level 3. HP: 18/33 MP: 3/3
  1707 | D:2      | Reached XP level 4. HP: 39/40 MP: 4/4
  1710 | D:2      | Reached skill level 4 in Axes
  1974 | D:2      | Noticed Terence
  1990 | D:2      | Killed Terence
  2395 | D:2      | Found a shimmering blue altar of Sif Muna.
  2414 | D:2      | Reached XP level 5. HP: 44/46 MP: 5/5
  3360 | D:3      | Found a sparkling altar of Nemelex Xobeh.
  3360 | D:3      | Found a hide-covered altar of Uskayaw.
  3362 | D:3      | Found a shimmering altar of Xom.
  3407 | D:3      | Reached skill level 5 in Axes
  3473 | D:4      | Found Suturgh's Jewellery Emporium.
  3485 | D:4      | Found an opulent altar of Gozag.
  3486 | D:4      | Found an opulent altar of Gozag.
  3489 | D:4      | Found an opulent altar of Gozag.
  3512 | D:4      | Noticed a phantom
  3525 | D:4      | Killed a phantom
  3618 | D:4      | Noticed Sigmund
  3655 | D:4      | Noticed Grinder
  3657 | D:4      | Paralysed by Grinder for 2 turns
  3843 | D:3      | Identified a scroll of acquirement
  3843 | D:3      | Acquired the amulet of Tefev {rElec rPois Regen+ Slay+2}
  3903 | D:3      | Gained mutation: You are agile. (Dex +4, Str/Int -1)
                  | [potion of mutation]
  3903 | D:3      | Gained mutation: You occasionally lose the ability to read
                  | scrolls when taking damage. [potion of mutation]
  3903 | D:3      | Gained mutation: You passively dampen the noise of your
                  | surroundings. [potion of mutation]
  4056 | D:4      | Found an opulent altar of Gozag.
  4082 | D:4      | Reached XP level 6. HP: 46/52 MP: 6/6
  4096 | D:4      | Killed Sigmund
  4097 | D:4      | Reached skill level 5 in Armour
  4505 | D:4      | Reached skill level 6 in Axes
  4505 | D:4      | Reached XP level 7. HP: 60/60 MP: 7/7
  4505 | D:4      | Killed Grinder
  4506 | D:4      | Reached skill level 1 in Dodging
  4508 | D:4      | Lost mutation: You occasionally lose the ability to read
                  | scrolls when taking damage. [potion of mutation]
  4508 | D:4      | Lost mutation: You passively dampen the noise of your
                  | surroundings. [potion of mutation]
  4508 | D:4      | Lost mutation: You are agile. (Dex +4, Str/Int -1) [potion
                  | of mutation]
  4508 | D:4      | Gained mutation: You are agile. (Dex +4, Str/Int -1)
                  | [potion of mutation]
  4508 | D:4      | Gained mutation: Your flesh is cold resistant. (rC+)
                  | [potion of mutation]
  4541 | D:4      | Noticed Pikel
  4598 | D:4      | Killed Pikel
  4599 | D:4      | Reached skill level 5 in Fighting
  4599 | D:4      | Reached skill level 7 in Axes
  4599 | D:4      | Reached skill level 1 in Throwing
  4599 | D:4      | Reached XP level 8. HP: 68/68 MP: 8/8
  4843 | D:5      | Entered Level 5 of the Dungeon
  4920 | D:5      | Found a staircase to the Ecumenical Temple.
  4991 | D:5      | Reached skill level 8 in Axes
  5586 | D:5      | Found a shimmering blue altar of Sif Muna.
  6247 | D:6      | Noticed Dowan
  6248 | D:6      | Noticed Duvessa
  6266 | D:6      | Killed Duvessa
  6267 | D:6      | Reached skill level 5 in Shields
  6291 | D:6      | Killed Dowan
  6292 | D:6      | Reached skill level 9 in Axes
  6317 | D:6      | Found a sacrificial altar of Ru.
  6627 | D:6      | Reached XP level 9. HP: 75/75 MP: 9/9
  7029 | D:6      | Identified the +4 short sword "Pitaychile" {freeze, Will++
                  | Str-3 Dex+5}
  7484 | D:6      | Reached skill level 10 in Axes
  7956 | D:7      | Reached skill level 11 in Axes
  8135 | D:7      | Reached XP level 10. HP: 76/84 MP: 10/10
  8311 | D:7      | Found a bloodstained altar of Trog.
  8853 | D:7      | Found Emarur's Antique Weapon Shoppe.
  8854 | D:7      | Found a glowing golden altar of the Shining One.
  8893 | D:7      | Learned a level 2 spell: Blink
  8896 | D:7      | Learned a level 1 spell: Summon Small Mammal
  9286 | D:8      | Reached skill level 1 in Stealth
  9460 | D:8      | Found a radiant altar of Vehumet.
  9476 | D:8      | Found Piarrawiu's Armour Shop.
  9519 | D:8      | Noticed Joseph
  9535 | D:8      | Killed Joseph
  9734 | D:8      | Noticed Amaemon
  9734 | D:8      | Noticed an orange demon
  9734 | D:8      | Noticed a boulder beetle
 10009 | D:8      | Killed Amaemon
 10010 | D:8      | Reached skill level 12 in Axes
 10020 | D:8      | HP: 4/88 [poisoned by orange demon (concentrated venom)]
 10022 | D:8      | Slain by an orange demon

Illustrated notes

Levels and vault maps discovered:
D:1:      lemuel_arrival_river_bridge, layout_loops_ring,
          dreamdust_ecumenical_altar_sealed_demon, minmay_tiny_reverse_x
D:2:      layout_loops_cross, basic_altar, minivault_27, uniq_terence
D:3:      layout_basic, minitemple
D:4:      layout_gridville, nicolae_gozag_conspicuous_consumption,
          minmay_shop_enchanted_jewellery, st_stairs_11, kennysheep_boxes,
          uniq_pikel, uniq_sigmund, uniq_grinder
D:5:      layout_gridville, nicolae_sif_muna_little_library,
          minmay_temple_entry_grid
D:6:      minmay_cornered_nines, layout_loops_ring, nicolae_ru_awakened_eye,
          kennysheep_minor_cross, uniq_duvessa
D:7:      layout_basic, trog_butcher_becter, amcnicky_altar_gilded,
          serial_shops, shop, enter_bailey_5, st_stairs_6, kennysheep_dice
D:8:      layout_rooms, mainiacjoe_overflow_boulevard, serial_shops, shop,
          uniq_amaemon, uniq_joseph

Skill      XL: |  1  2  3  4  5  6  7  8  9 10 |
---------------+-------------------------------+-----
Axes           | 3 4 5 6 7 9 11 12 | 12.1
Armour         | 4 5 6 7 9 |  9.7
Fighting       | 4 5 6 7 |  7.6
Shields        | 4 5 6 |  6.9
Dodging        | 1 2 |  2.1
Throwing       | 1 2 |  2.2
Stealth        | 1 |  1.5
Spellcasting   | |  0.4

Action                     |  1- 3 |  4- 6 |  7- 9 | 10-12 || total
---------------------------+-------+-------+-------+-------++-------
  Melee: War axe           |   119 |    89 |       |       ||   208
         Hand axe          |       |    83 |   316 |   217 ||   616
  Throw: Javelin           |       |     5 |       |       ||     5
         Dart              |       |     5 |    16 |     6 ||    27
   Cast: Summon Small Mamm |       |       |       |     2 ||     2
    Use: Scroll            |       |     5 |     6 |     3 ||    14
         Potion            |       |     6 |     3 |     1 ||    10
 Armour: Scale mail        |    97 |    23 |       |       ||   120
         Chain mail        |       |   134 |   256 |   249 ||   639
         Skin              |       |    16 |       |       ||    16
  Dodge: Dodged            |    54 |    64 |    99 |   114 ||   331
  Block: Buckler           |    29 |    40 |    67 |    75 ||   211

Table legend: (Time is in decaauts)
 A = Elapsed time spent in this place.
 B = Non-inter-level travel time spent in this place.
 C = Inter-level travel time spent in this place.
 D = Time resting spent in this place.
 E = Time spent auto-exploring this place.
 F = Levels seen in this place.
 G = Mean time per level.
                   A        B        C        D        E       F      G
               +--------+--------+--------+--------+--------+-----+--------+
         Total |  10017 |  10017 |      0 |   1251 |      0 |   8 | 1252.1 |
       Dungeon |  10017 |  10017 |      0 |   1251 |      0 |   8 | 1252.1 |
               +--------+--------+--------+--------+--------+-----+--------+

Top non-repeatable levels by time:
     D:1: 1620 daAuts
     D:7: 1553 daAuts
     D:6: 1439 daAuts
     D:5: 1364 daAuts
     D:3: 1290 daAuts
     D:4: 1047 daAuts
     D:2: 965 daAuts
     D:8: 736 daAuts
